 Dungeon Crawl Stone Soup version 0.18-a0-917-g8a3da5b (webtiles) character file.

67 filipzpl the Insei (level 4, 0/32 HPs)
             Began as a Merfolk Transmuter on Dec 26, 2015.
             Slain by an adder (3 damage)
             ... on level 3 of the Dungeon.
             The game lasted 00:05:03 (2093 turns).

filipzpl the Insei (Merfolk Transmuter)             Turns: 2093, Time: 00:05:04

Health: 0/32       AC:  2    Str: 10    XL:     4   Next: 18%
Magic:  3/7        EV: 13    Int: 13    God:
Gold:   95         SH:  0    Dex: 14    Spells: 2 memorised, 4 levels left

rFire  . . .     SeeInvis .       - Unarmed
rCold  . . .     Gourm    .     b - +0 robe
rNeg   . . .     Faith    .     (no shield)
rPois  .         Spirit   .     (no helmet)
rElec  .         Dismiss  .     (no cloak)
rCorr  .         Reflect  .     (no gloves)
SustAt .         Harm     .     (no boots)
MR     .....                    (no amulet)
Stlth  +.........               (no ring)
                                (no ring)

@: lethally poisoned (0 -> -4), very slightly contaminated, not resistant to
hostile enchantments, very unstealthy
A: change form in water, swift swim
a: no special abilities


You were on level 3 of the Dungeon.
You were very hungry.

You visited 1 branch of the dungeon, and saw 3 of its levels.

You collected 95 gold pieces.

Inventory:

Missiles
 a - 27 arrows
Armour
 b - a +0 robe (worn)
Wands
 q - a wand of slowing (25/48)
Scrolls
 e - a scroll of fog {unknown}
 i - 4 scrolls of identify {unknown}
 k - 3 scrolls of fear {unknown}
 l - a scroll of magic mapping {unknown}
 m - a scroll of teleportation {unknown}
 n - a scroll of remove curse {unknown}
 o - 2 scrolls of noise {unknown}
 p - a scroll of enchant weapon {unknown}
Potions
 f - 3 potions of curing {unknown}
 j - a potion of ambrosia {unknown}
Books
 c - a book of Changes

   Spells                             Type                      Level
   a - Beastly Appendage              Transmutation                1
   b - Sticks to Snakes               Transmutation                2
   c - Spider Form                    Transmutation/Poison         3
   d - Ice Form                       Ice/Transmutation            4
   e - Blade Hands                    Transmutation                5
Comestibles
 d - 3 bread rations
 g - a meat ration
 h - a fruit


   Skills:
 - Level 1.1 Fighting
 - Level 2.6 Dodging
 - Level 4.5 Unarmed Combat
 + Level 2.5 Spellcasting
 + Level 3.6 Transmutations


You had 4 spell levels left.
You knew the following spells:

 Your Spells              Type           Power        Failure   Level  Hunger
a - Beastly Appendage     Trmt           ##....       8%          1    #......
b - Spider Form           Trmt/Pois      #.........   38%         3    ###....


Dungeon Overview and Level Annotations

Branches:
Dungeon (3/15)

Altars:


Message History

The adder closely misses you.
You closely miss the adder. The adder bites you.
You closely miss the adder. The adder bites you.
You are poisoned.
The adder poisons you!
You hit the adder but do no damage.
You feel sick. The adder bites you.
You are more poisoned.
The adder poisons you!
You feel sick. The adder bites you.
You feel sick.
You feel sick. The adder bites you.
* * * LOW HITPOINT WARNING * * *
The goblin barely misses you. The adder bites you but does no damage.
The goblin hits you with a club.
* * * LOW HITPOINT WARNING * * *
* * * LOW HITPOINT WARNING * * *
You feel sick.
* * * LOW HITPOINT WARNING * * *
You feel sick. The adder bites you.
You die...

.<......# .#####..# ### .#
..# .# #.# .#### .# #.#
....###.# .######.####
........ .........g.#
....##.# ########.##.#
♣....#.#
#...@SJ..##)#######
#♣.....#
#.###g.o.†.........
♣.....## #.#
#..=...##.#####
♣......#####.###..###.)...#
♣[.................#
#.........
...........##.###..#
#$##..##..
...#..).##.##....#>...?#
..# .
#.###..###.######.#####..
.g. .# ..... #.# .# . .###


You could see an ooze, an adder, an orc and a goblin.

Vanquished Creatures
  Ijyb (D:2)
  2 orcs (D:3)
  7 bats
  A giant cockroach (D:2)
  2 hobgoblins
  3 jackals
  3 kobolds
  2 quokkas (D:2)
  A ball python (D:2)
  13 goblins
  3 rats (D:2)
38 creatures vanquished.

Notes
Turn   | Place    | Note
--------------------------------------------------------------
     0 | D:1      | filipzpl the Merfolk Transmuter began the quest for the Orb.
     0 | D:1      | Reached XP level 1. HP: 15/15 MP: 3/3
   164 | D:1      | Reached XP level 2. HP: 11/21 MP: 5/5
   366 | D:1      | Reached skill level 4 in Unarmed Combat
  1290 | D:2      | Reached XP level 3. HP: 16/26 MP: 6/6
  1434 | D:2      | Learned a level 3 spell: Spider Form
  1510 | D:2      | Noticed Ijyb
  1610 | D:2      | Killed Ijyb
  1612 | D:2      | Reached XP level 4. HP: 16/32 MP: 1/7
  2093 | D:3      | Slain by an adder

Vault maps used:
D:1:      mushboom_english_gardens
D:2:      kennysheep_goblin_castle
D:3:      led_sif_book, ecumenical_altar_2, minmay_stone_trees_small,
          hangedman_feature_mirror, kennysheep_boxes

Action                   |  1- 3 |  4- 6 || total
-------------------------+-------+-------++-------
Melee: Unarmed           |   114 |    22 ||   136
 Cast: Spider Form       |     2 |       ||     2
       Beastly Appendage |     1 |       ||     1
 Stab: Sleeping          |     1 |     1 ||     2
  Eat: Chunk             |     1 |       ||     1
       Fruit             |       |     3 ||     3
